 Dungeon Crawl Stone Soup version 0.17-a0-1572-g7a1422d (webtiles) character file.

1305 HenryFlower the Martial Artist (level 8, -1/54 HPs)
             Began as a Merfolk Transmuter on July 25, 2015.
             Slain by a gnoll
             ... wielding a +0 halberd
              (11 damage)
             ... on level 5 of the Dungeon.
             The game lasted 00:15:09 (7487 turns).

HenryFlower the Martial Artist (Merfolk Transmuter) Turns: 7487, Time: 00:15:09

Health: -1/54      AC:  5    Str: 10    XL:     8   Next: 57%
Magic:  9/11       EV: 21    Int: 13    God:
Gold:   257        SH:  0    Dex: 21    Spells: 2 memorised, 7 levels left

rFire  . . .     SeeInvis .       - Unarmed
rCold  . . .     Clarity  .     (armour currently unavailable)
rNeg   . . .     SustAt   .     (shield currently unavailable)
rPois  x         Gourm    .     (helmet currently unavailable)
rElec  .         Spirit   .     (cloak currently unavailable)
rCorr  +         Warding  .     (gloves currently unavailable)
rMut   .         Stasis   .     (boots currently unavailable)
MR     .....                    p - amulet of resist corrosion
Stlth  +++.......               A - ring of stealth
                                f - +3 ring of protection

@: spider-form (expiring), not resistant to hostile enchantments, fairly
stealthy
A: (change form in water), (swift swim)
a: End Transformation


You were on level 5 of the Dungeon.
You were hungry.
You were a venomous arachnid creature.
You visited 1 branch of the dungeon, and saw 5 of its levels.

You collected 257 gold pieces.

Inventory:

Missiles
 e - 21 tomahawks
 w - 2 javelins (quivered)
Armour
 r - a +0 robe (melded)
Jewellery
 f - a +3 ring of protection (left front leg)
 p - an amulet of resist corrosion (around neck)
 A - a ring of stealth (right front leg)
Magical devices
 v - a wand of random effects (34)
Scrolls
 g - 2 scrolls of identify {unknown}
 h - a scroll of enchant armour {unknown}
 j - 2 scrolls of fog {unknown}
 m - 3 scrolls of recharging {unknown}
 n - 3 scrolls of remove curse
 s - a scroll of immolation {unknown}
 t - a scroll of random uselessness {unknown}
Potions
 i - a potion of poison {unknown}
 k - 2 potions of curing {unknown}
 l - 2 potions of magic {unknown}
 o - a potion of resistance {unknown}
 q - 2 potions of brilliance {unknown}
 u - 2 potions of agility {unknown}
 x - 3 potions of heal wounds {unknown}
Books
 a - a book of Spatial Translocations

   Spells                             Type                      Level
   a - Apportation                    Translocation                1
   b - Blink                          Translocation                2
   c - Shroud of Golubria             Charms/Translocation         2
   d - Portal Projectile              Translocation                3
   e - Teleport Other                 Translocation                3
   f - Passage of Golubria            Translocation                4
 c - a book of Changes

   Spells                             Type                      Level
   a - Beastly Appendage              Transmutation                1
   b - Sticks to Snakes               Transmutation                2
   c - Spider Form                    Transmutation/Poison         3
   d - Ice Form                       Ice/Transmutation            4
   e - Blade Hands                    Transmutation                5
Comestibles
 b - 4 chunks of flesh
 d - 3 bread rations
 z - a meat ration


   Skills:
 - Level 1.1 Fighting
 - Level 2.6 Dodging
 + Level 10.8 Unarmed Combat
 - Level 2.0 Spellcasting
 - Level 5.3 Transmutations


You had 7 spell levels left.
You knew the following spells:

 Your Spells              Type           Power        Failure   Level  Hunger
a - Beastly Appendage     Trmt           ###...       12%         1    ##.....
b - Spider Form           Trmt/Pois      #.........   50%         3    ####...


Dungeon Overview and Level Annotations

Branches:
Dungeon (5/15)
 Temple: D:4-7

Altars:
Vehumet

Annotations:
D:4 exclusion: statue


Message History

You bite the centaur!
You kill the centaur!
Your transformation is almost over.
The gnoll hits you from afar with a halberd.
* * * LOW HITPOINT WARNING * * *
Things that are here:
an uncursed shortbow of evasion; 21 arrows; a centaur corpse You hit the gnoll shaman.
The gnoll shaman is poisoned.
The gnoll shaman is moderately wounded.
The gnoll closely misses you.
You hit the gnoll shaman but do no damage.
The gnoll shaman looks even sicker.
The gnoll shaman is moderately wounded.
The gnoll hits you from afar with a halberd!
* * * LOW HITPOINT WARNING * * *
The gnoll shaman misses you.
You hit the gnoll shaman.
The gnoll shaman looks even sicker.
The gnoll shaman is heavily wounded.
The gnoll hits you from afar with a halberd!
You die...

#.# #.# #.#
#)# #.# #g#
#.# #.# #.#
#g# #.# #.#
#(# #.# #
#)###.###....
#.sgg........
########.###.
#


You could see a gnoll shaman and a gnoll.

Vanquished Creatures
  Edmund (D:5)
  2 centaurs
  4 ogres
  2 hounds (D:4)
  Ijyb (D:2)
  2 giant frog skeletons (D:4)
  Natasha (twice) (D:4)
  3 orc wizards
  5 worker ants
  2 iguanas (D:5)
  A worker ant zombie (D:5)
  5 adders
  6 gnolls (D:5)
  4 worms
  6 orcs
  A bat skeleton (D:4)
  14 hobgoblins
  6 kobolds
  4 quokkas
  A ball python (D:4)
  8 bats
  2 giant cockroaches
  A giant newt (D:1)
  15 goblins
  21 jackals
  A quokka skeleton (D:5)
  9 rats
129 creatures vanquished.

Notes
Turn   | Place    | Note
--------------------------------------------------------------
     0 | D:1      | HenryFlower the Merfolk Transmuter began the quest for the Orb.
     0 | D:1      | Reached XP level 1. HP: 15/15 MP: 3/3
   190 | D:1      | Reached XP level 2. HP: 19/21 MP: 3/5
   302 | D:1      | Reached skill level 4 in Transmutations
  1262 | D:1      | Reached XP level 3. HP: 26/26 MP: 6/6
  1326 | D:1      | Learned a level 3 spell: Spider Form
  1575 | D:2      | Noticed Ijyb
  1585 | D:2      | Killed Ijyb
  1585 | D:2      | Reached skill level 5 in Transmutations
  1748 | D:2      | Reached XP level 4. HP: 30/32 MP: 7/7
  3440 | D:3      | Reached XP level 5. HP: 31/37 MP: 8/8
  3962 | D:4      | Noticed Natasha
  3971 | D:4      | Killed Natasha
  3971 | D:4      | Reached skill level 5 in Unarmed Combat
  4281 | D:4      | Noticed an ogre
  4301 | D:4      | HP: 1/37 [ogre/giant club (12)]
  4309 | D:4      | Killed an ogre
  4309 | D:4      | Reached skill level 6 in Unarmed Combat
  4309 | D:4      | Reached XP level 6. HP: 2/43 MP: 7/9
  4615 | D:4      | Noticed an ogre
  4623 | D:4      | Killed an ogre
  4693 | D:4      | Reached skill level 7 in Unarmed Combat
  4847 | D:4      | Reached XP level 7. HP: 43/48 MP: 6/10
  5276 | D:4      | Reached skill level 8 in Unarmed Combat
  5280 | D:4      | Noticed an ogre
  5285 | D:4      | Killed an ogre
  5662 | D:4      | Found a radiant altar of Vehumet.
  5897 | D:4      | Reached skill level 9 in Unarmed Combat
  6106 | D:4      | Noticed Natasha
  6113 | D:4      | Killed Natasha
  6459 | D:5      | Entered Level 5 of the Dungeon
  6582 | D:5      | Reached XP level 8. HP: 50/54 MP: 5/11
  7057 | D:5      | Noticed Edmund
  7075 | D:5      | Killed Edmund
  7075 | D:5      | Reached skill level 10 in Unarmed Combat
  7487 | D:5      | Slain by a gnoll

Vault maps used:
D:1:      ncdulo_wetmaze
D:2:      first_bread, uniq_iyjb
D:3:      minmay_unequal
D:4:      vehumet_statue, uniq_natasha
D:5:      grunt_temple_overflow_cloverleaf, guppyfry_shop_venom, uniq_edmund

Action                   |  1- 3 |  4- 6 |  7- 9 || total
-------------------------+-------+-------+-------++-------
Melee: Unarmed           |   101 |   200 |   141 ||   442
Throw: Javelin           |       |     5 |     6 ||    11
 Cast: Beastly Appendage |     1 |       |       ||     1
       Spider Form       |     2 |    16 |    18 ||    36
Evoke: Wand              |       |       |     1 ||     1
  Use: Scroll            |       |       |     1 ||     1
 Stab: Distracted        |       |     1 |     1 ||     2
       Sleeping          |       |     1 |     2 ||     3
  Eat: Chunk             |     3 |     7 |     7 ||    17
       Meat ration       |       |     1 |       ||     1
       Bread ration      |       |       |     1 ||     1
